Unix NetHack Version 5.0.0-0 post-release - last build May 17 2026 04:57:42 (dc50c8380fa5e20985bfe3072449f57b8d9895ef,branch:main).

Game began 2026-05-21 00:51:57, ended 2026-05-21 01:14:36.

Brudee, lawful female human Knight

               ----
              --..--
             --....|                                   G
            --.<)..------                              G
           --........|..|       G
   |       |............--
   |.      |.............|     G
 ---.-------..|.|.--....--
--.....|.)@..--------...|
|........o------    |..--
--......oo.....|    ----           k
--.......----- -
|.........----
--.....h......-
 |.......^....-
 |..................
 --................-
  --....--....--......
   ------ -...|   .| ..|                   h
           ----   --  --

Brudee the Esquire       St:15 Dx:10 Co:15 In:7 Wi:14 Ch:18  Lawful S:1526
Dlvl:6  $:60 HP:0(39) Pw:41(41) AC:7  Xp:5/304 T:3555  Blind Deaf Fly

Latest messages:
 Autopickup: OFF.
 There appears to be no shopkeeper here to receive your payment.
 Are you sure you want to pray? [yn] (n) y
 You begin praying to Lugh.
 You are surrounded by a shimmering light.
 The gnome starts to attack you, but pulls back.
 You finish your prayer.
 You feel that Lugh is well-pleased.
 You feel much better.
 You feel more confident in your weapon skills.
 You hit the gnome.
 The gnome hits!
 You are now more skilled in mace.
 You kill the gnome!
 You see here a looking glass.
 The dog drops an arrow.
 The dog picks up an arrow.
 The dog drops an arrow.
 You swap places with the peaceful dwarf.
 You are momentarily blinded by a flash of light!
 You hear a deafening roar!
 A hill orc suddenly appears close by!
 A hill orc suddenly appears next to you!
 A hill orc suddenly appears next to you!
 A hill orc suddenly appears next to you!
 A giant ant suddenly appears next to you!
 A bugbear suddenly appears next to you!
 The bugbear hits!
 The giant ant bites!
 The hill orc hits!
 The giant ant bites!
 The giant ant bites!
 You miss the giant ant.
 The giant ant bites!
 The hill orc just misses!
 You miss the giant ant.
 The giant ant bites!
 The hill orc hits!
 You try to feel what is lying here on the floor.
 You feel here a looking glass.
 You hit the hill orc.
 You kill the hill orc!
 You have a sad feeling for a moment, then it passes.
 You kill the bugbear!
 The hill orc is hit.
 You hit the hill orc.
 The hill orc hits!
 You die...
 Do you want your possessions identified? [ynq] (y) y
 Do you want to see your attributes? [ynq] (y) q

Inventory:
 Coins    ('$')
  $ - 60 gold pieces
 Amulets  ('"')
  k - an uncursed amulet of flying (being worn)
 Weapons  (')')
  B - 7 rustproof +0 darts
  l - 8 +0 darts
  j - a blessed +0 orcish dagger
  D - the blessed +1 Demonbane (weapon in right hand)
  a - a +1 long sword
 Armor    ('[')
  d - an uncursed +0 helmet (being worn)
  f - a blessed +0 pair of leather gloves (being worn)
  e - an uncursed +0 small shield (being worn)
 Comestibles  ('%')
  g - 8 uncursed apples
  h - 10 uncursed carrots
  z - 2 uncursed food rations
  o - an uncursed lichen corpse
 Scrolls  ('?')
  q - an uncursed scroll of confuse monster
  n - an uncursed scroll of enchant weapon
  p - 2 uncursed scrolls of identify
 Potions  ('!')
  u - an uncursed potion of confusion
  v - a blessed potion of fruit juice
  y - a blessed potion of hallucination
  w - an uncursed potion of see invisible
  x - 3 potions of holy water
  F - 2 uncursed potions of water
 Tools    ('(')
  m - a cursed skeleton key (alternate weapon; not wielded)

Brudee the Knight's attributes:

Background:
 You were an Esquire, a level 5 female human Knight.
 You were lawful, on a mission for Lugh
 who was opposed by Brigit (neutral) and Manannan Mac Lir (chaotic).
 You were right-handed.
 You were in the Gnomish Mines, on level 6.
 You entered the dungeon 3555 turns ago.
 It was nighttime.
 You had 304 experience points, 16 more were needed to attain level 6.
 Your score was 1526 before end-of-game adjustments.

Basics:
 You had 0 out of 39 hit points.
 You had all 41 energy points (spell power).
 Your armor class was 7.
 Your wallet contained 60 zorkmids.
 Autopickup was off.

Final Characteristics:
 Your strength was 15 (limit:18/100).
 Your dexterity was 10 (limit:18).
 Your constitution was 15 (limit:18).
 Your intelligence was 7 (limit:18).
 Your wisdom was 14 (limit:18).
 Your charisma was 18 (limit:18).

Final Status:
 You were flying.
 You were temporarily blind.
 You were deaf.
 You weren't hungry.
 You were unencumbered.
 You were wielding a mace.
 You had basic skill with mace.

Final Attributes:
 You were piously aligned.
 You were telepathic.
 You could jump.
 You are dead.

Miscellaneous:
 You didn't encounter any bones levels.
 Total elapsed playing time was 22 minutes and 39 seconds.

Major events:
 Turn
    1: Brudee the lawful female human Knight entered the dungeon
  572: attained the rank of Esquire (level 3)
  625: entered the Gnomish Mines
 2636: was bestowed with Demonbane by Lugh
 3555: killed by a hill orc

You didn't know any spells.

Skills:
 Fighting Skills
   bare handed combat [Unskilled]
   two weapon combat  [Unskilled]
   riding             [Basic]
 Weapon Skills
   dagger             [Unskilled]
   knife              [Unskilled]
   axe                [Unskilled]
   pick-axe           [Unskilled]
   short sword        [Unskilled]
   broadsword         [Unskilled]
   long sword         [Basic]
   two-handed sword   [Unskilled]
   saber              [Unskilled]
   club               [Unskilled]
   mace               [Basic]
   morning star       [Unskilled]
   flail              [Unskilled]
   hammer             [Unskilled]
   polearms           [Unskilled]
   spear              [Unskilled]
   trident            [Unskilled]
   lance              [Basic]
   bow                [Unskilled]
   crossbow           [Unskilled]
 Spellcasting Skills
   attack spells      [Unskilled]
   healing spells     [Unskilled]
   clerical spells    [Unskilled]

Voluntary challenges:
 Character rerolling was not enabled.
 You never genocided any monsters.
 You never polymorphed an object.
 You never changed form.
 You used no wishes.
Achievements:
 You attained the rank of Esquire.
 You entered the Gnomish Mines.

 The Dungeons of Doom: levels 1 to 5
    Level 1:
       A fountain.
    Level 2:
       An altar to Lugh.
    Level 3:
       A fountain.
    Level 4:
       Stairs down to The Gnomish Mines.
    Level 5:
 The Gnomish Mines: levels 5 to 6
    Level 5:
    Level 6: <- You were here.
       Final resting place for
          you, killed by a hill orc.


Vanquished creatures:
  a gnome ruler
  a dog
  a bugbear
  2 rock moles
  a pony
  2 fog clouds
  a shrieker
  a gnome leader
  a giant ant
  a little dog
  a floating eye
  a dwarf
  a hill orc
  a rothe
 an iguana
  2 acid blobs
  a coyote
  a gas spore
  a hobbit
  2 large kobolds
  a hobgoblin
  5 giant rats
 11 gnomes
  a garter snake
  5 geckos
  6 jackals
  a fox
  2 kobolds
  3 goblins
  a sewer rat
  5 grid bugs
  a bat
  2 lichens
  3 newts
71 creatures vanquished.

No species were genocided or became extinct.

Game over:
                       ----------
                      /          \
                     /    REST    \
                    /      IN      \
                   /     PEACE      \
                  /                  \
                  |      Brudee      |
                  |      60 Au       |
                  | killed by a hill |
                  |       orc        |
                  |                  |
                  |                  |
                  |       2026       |
                 *|     *  *  *      | *
        _________)/\\_//(\/(/\)/\//\/|_)_______

Fare thee well Brudee the Knight...

You died in The Gnomish Mines on dungeon level 6 with 1520 points,
and 60 pieces of gold, after 3555 moves.
You were level 5 with a maximum of 39 hit points when you died.

